 Dungeon Crawl Stone Soup version 0.20.1-1-g8b1a95d (webtiles) character file.

224630 Piramida the Bludgeoner (level 18, -1/168 HPs)
             Began as a Minotaur Berserker on Nov 6, 2017.
             Was an Elder of Trog.
             Shot with an arrow by a deep elf master archer (5 damage)
             ... on level 3 of the Elven Halls.
             The game lasted 03:08:18 (52025 turns).

Piramida the Bludgeoner (Minotaur Berserker)       Turns: 52025, Time: 03:08:19

Health: -1/168     AC: 26    Str: 27    XL:     18   Next: 59%
Magic:  20/20      EV: 22    Int:  7    God:    Trog [****..]
Gold:   2476       SH:  8    Dex: 13    Spells: 17/17 levels left

rFire    + . .     SeeInvis +   M - +6 morningstar
rCold    + . .     Gourm    +   D - +0 buckler {reflect}
rNeg     + . .     Faith    .   w - +3 plate armour {MR+}
rPois    .         Spirit   .   (helmet restricted)
rElec    .         Reflect  +   k - scarf {rC+ rF+}
rCorr    .         Harm     .   L - +1 pair of gloves
MR       ++...                  g - +2 pair of boots {Stlth+}
Stlth    ..........             a - amulet of the gourmand
Regen    0.4/turn               j - ring of Fuquxiz {rN+ EV+6 Int+3}
MPRegen  0.2/turn               e - ring of see invisible

@: berserk cooldown, slowed, very slow
A: retaliatory headbutt, horns 2, blurry vision 1
}: 1/15 runes: decaying
a: Berserk, Trog's Hand, Brothers in Arms, Burn Spellbooks, Renounce Religion


You were on level 3 of the Elven Halls.
You worshipped Trog.
Trog was greatly pleased with you.
You were full.

You visited 5 branches of the dungeon, and saw 30 of its levels.
You also visited: Ossuary and Ice Cave.

You collected 2863 gold pieces.
You spent 387 gold pieces at shops.

Inventory:

Hand Weapons
 i - a +2 mace of holy wrath
 t - a +1 antimagic demon whip
 F - a +4 hand crossbow of freezing
 M - a +6 morningstar (weapon)
Missiles
 m - 221 bolts
 P - 2 javelins of penetration
 R - 3 javelins of returning (quivered)
 V - 5 poisoned javelins
Armour
 g - a +2 pair of boots of stealth (worn)
 k - a scarf of resistance (worn)
 l - a +2 buckler of protection
 w - a +3 plate armour of magic resistance (worn)
 D - a +0 buckler of reflection (worn)
 L - a +1 pair of gloves (worn)
 Y - a +2 cloak of poison resistance
Jewellery
 a - an amulet of the gourmand (around neck)
 e - a ring of see invisible (right hand)
 j - the ring of Fuquxiz (left hand) {rN+ EV+6 Int+3}
   (You acquired it on level 13 of the Dungeon)

   [ring of evasion]

   It affects your evasion (+6).
   It affects your intelligence (+3).
   It protects you from negative energy.
 y - a +4 ring of dexterity
 z - an uncursed ring of protection from fire
 E - an uncursed ring of protection from cold
 H - an uncursed ring of resist corrosion
 J - an uncursed ring of poison resistance
Wands
 r - a wand of digging (24/24)
 u - a wand of acid (15/15)
 I - a wand of lightning (15/15)
 Z - a wand of flame (34/48)
Scrolls
 b - 4 scrolls of fear
 o - a scroll of identify
 q - 9 scrolls of remove curse
 x - 7 scrolls of teleportation
 B - 4 scrolls of immolation
 N - 5 scrolls of enchant weapon
 Q - 2 scrolls of blinking
Potions
 n - a potion of resistance
 s - 13 potions of curing
 v - 2 potions of might
 A - 3 potions of flight
 C - 2 potions of agility
 G - 3 potions of cancellation
 S - 4 potions of lignification
 T - a potion of berserk rage
 W - a potion of invisibility
Comestibles
 c - 20 bread rations
 f - 49 fruits
 h - 15 meat rations
 p - 13 royal jellies


   Skills:
 * Level 16.7 Fighting
 * Level 20.6 Maces & Flails
 - Level 5.0 Throwing
 * Level 16.3 Armour
 * Level 15.4 Dodging
 * Level 16.0 Shields
 - Level 5.0 Evocations


You had 17 spell levels left.
You didn't know any spells.

Dungeon Overview and Level Annotations

Branches:
Dungeon (15/15)            Temple (0/1) D:7            Lair (6/6) D:8
  Swamp (4/4) Lair:3       Spider (0/4) Lair:3        Slime (0/5) Lair:5
    Orc (2/2) D:11            Elf (3/3) Orc:2        Vaults (0/5) D:13
 Depths (0/5) D:15

Altars:
Ashenzari
Cheibriados
Elyvilon
Fedhas
Gozag
Kikubaaqudgha
Makhleb
Okawaru
Ru
Sif Muna
Uskayaw
Vehumet
Xom
The Shining One
Beogh

Shops:
D:7 (   Orc:2 !([!   Elf:2 %

Annotations:
D:15 exclusion: orange crystal statue
Lair:2 exclusion: 3 oklob plants
Lair:4 exclusion: oklob plant


Innate Abilities, Weirdness & Mutations

You reflexively headbutt those who attack you in melee.
You have a pair of horns on your head.
Scrolls take you a little longer to read.


Message History

You see here an arrow.
The deep elf master archer shoots an arrow.
The arrow hits you!
* * * LOW HITPOINT WARNING * * *
The deep elf master archer shoots an arrow.
The arrow hits you.
* * * LOW HITPOINT WARNING * * *
The deep elf mage gestures wildly while chanting.
The deep elf master archer shoots an arrow.
The arrow hits you!
* * * LOW HITPOINT WARNING * * *
A deep elf mage comes into view. It is wielding a dagger.
You see here 2 arrows.
Really read with blurry vision while enemies are nearby?
You begin reading the scroll.
You continue reading the scroll.
The deep elf knight shouts!
The deep elf mage casts a spell.
The deep elf master archer shoots an arrow.
The arrow hits you.
You die...

.##§######.......## ##..##
.###§## ##.....## ##.#
......## ##...### #.#
.#.....## ##'...#### #.#
........## #.......# #.#
##.....######.......####.#
......##....Y....<(......#
####.###.###s....)..###..#
#.....ees.e..@..(# #..#
###.#..#....(e..#)....#
#.#..#....(.(###.#.##
#.#..#....((## ##..#
#.#........## ##..
#.####.#(#..# .###
######.####.#.###.# #
....##........# #.#
#...########..## #.#


You could see a deep elf master archer, 2 demonic crawlers, a deep elf knight, 2
deep elf magi and an ice beast.

Vanquished Creatures
  Saint Roka (Orc:1)
  Nikola (Swamp:2)
  A tentacled monstrosity (Swamp:3)
  Rupert (Lair:4)
  A thorn hunter (Swamp:4)
  Donald (Elf:2)
  2 deep elf sorcerers
  Aizul (Swamp:1)
  An orc warlord (Orc:2)
  3 deep elf elementalists
  A stone giant (Orc:2)
  A deep elf demonologist (Elf:3)
  Azrael (Elf:2)
  Josephine (D:9)
  A deep elf death mage (Elf:3)
  The ghost of Meenos the Spear-Bearer, a journeyman MiFi of Uskayaw (Orc:2)
  A ghost crab (Swamp:4)
  An ice dragon (Swamp:2)
  26 hydras
  A centaur warrior (D:12)
  8 alligators
  23 dancing weapons
  A tengu warrior (D:14)
  8 death yaks
  2 orc high priests (Orc:2)
  9 two-headed ogres
  27 deep elf knights
  Sonja (Lair:3)
  2 unseen horrors
  A spriggan druid (Swamp:4)
  14 swamp dragons
  14 deep elf archers
  2 shambling mangroves
  A wizard (Elf:1)
  A lindwurm (Lair:6)
  5 orc knights
  54 deep elf magi
  6 orc sorcerers
  A wolf spider (Lair:3)
  7 ugly things
  5 cyclopes
  An ice statue (IceCv)
  The ghost of Doomgape the Basher, a novice GrFi of the Shining One (D:7)
  4 elephants (Lair:4)
  5 black mambas
  A gargoyle (D:12)
  19 spiny frogs
  3 centaur skeletons
  5 rime drakes
  A rime drake (shapeshifter) (Elf:2)
  A yaktaur (D:13)
  11 komodo dragons
  4 freezing wraiths
  6 ice devils (IceCv)
  4 anaconda simulacra (IceCv)
  A golden dragon simulacrum (IceCv)
  A tengu conjurer (D:14)
  A queen bee (D:11)
  11 tyrant leeches
  2 harpy zombies (D:14)
  5 polar bears
  5 trolls
  Grinder (D:5)
  Prince Ribbit (D:5)
  14 hornets
  17 slime creatures
  12 bog bodies
  5 blink frogs (Lair:4)
  6 hippogriffs
  A meliai zombie (D:11)
  A vampire (D:14)
  3 water elementals
  17 spriggans
  A shadow (D:15)
  3 air elementals
  6 wraiths
  A dire elephant simulacrum (IceCv)
  63 yaks
  Grum (D:10)
  A basilisk (shapeshifter) (D:14)
  6 fire elementals
  4 wyverns
  A basilisk (Lair:4)
  14 humans (D:13)
  4 hungry ghosts
  13 vampire mosquitoes
  9 wargs
  20 swamp worms
  Duvessa (D:6)
  An iron troll simulacrum (IceCv)
  6 harpy simulacra (IceCv)
  An acid dragon (D:13)
  16 insubstantial wisps
  2 hydra simulacra (IceCv)
  3 hell hounds (Elf:2)
  18 water moccasins
  9 porcupines
  2 eyes of draining
  3 ice beasts
  63 orc warriors
  3 sky beasts
  14 swamp drakes
  7 black bears
  An alligator simulacrum (IceCv)
  3 centaurs
  21 wolves
  4 boggarts (Lair:6)
  5 necrophages (Swamp:2)
  3 phantoms
  15 ogres
  14 crocodiles
  A big kobold (D:14)
  21 bullfrogs
  A gnoll sergeant (D:8)
  3 earth elementals
  Dowan (D:6)
  8 scorpions
  20 killer bees
  11 wights
  9 howler monkeys
  4 centaur zombies
  9 crimson imps
  5 jellies
  A bullfrog zombie (D:8)
  8 hounds
  A gnoll shaman (Orc:2)
  A human zombie (Ossuary)
  30 orc priests
  3 bullfrog skeletons
  31 orc wizards
  Ijyb (D:4)
  5 iguanas
  8 worker ants
  3 polar bear simulacra (IceCv)
  6 troll simulacra (IceCv)
  A big kobold zombie (Ossuary)
  2 centaur simulacra (IceCv)
  2 hound zombies
  5 mummies (Ossuary)
  A howler monkey zombie (D:11)
  2 worker ant zombies (D:10)
  22 gnolls
  12 adders
  2 naga simulacra (IceCv)
  4 ogre simulacra (IceCv)
  2 shadow imps
  3 white imps (IceCv)
  6 ufetubi (IceCv)
  3 oozes
  An adder skeleton (D:4)
  An adder zombie (D:9)
  7 worms
  4 dart slugs
  2 leopard geckos
  143 orcs
  11 bats
  2 giant cockroaches (D:1)
  A gnoll zombie (Ossuary)
  11 goblins
  5 hobgoblins
  19 jackals
  5 quokkas
  4 frilled lizards
  2 goblin zombies (Ossuary)
  A jackal skeleton (D:6)
  A jackal zombie (D:6)
  11 kobolds
  2 orc zombies
  7 rats
  A rat zombie (D:5)
  A butterfly (Lair:6)
  2 fungi
  2 plants (Lair:6)
1276 creatures vanquished.

Vanquished Creatures (collateral kills)
  A thorn hunter (Swamp:2)
  An orc warlord (Orc:1)
  A dire elephant (D:15)
  A deep elf death mage (Elf:1)
  An ettin (Orc:2)
  2 slime creatures
  A vault guard (D:13)
  A death knight (D:11)
  2 dancing weapons (Elf:2)
  2 alligators (Swamp:2)
  3 deep elf knights
  2 deep elf archers (Elf:1)
  An orc knight (D:15)
  2 wizards
  An ugly thing (D:11)
  A cyclops (D:12)
  5 deep elf magi
  A manticore (D:15)
  A spiny frog (Swamp:4)
  A golden dragon simulacrum (IceCv)
  2 dream sheep (Lair:6)
  A spriggan (Lair:6)
  A dire elephant simulacrum (IceCv)
  5 humans (D:13)
  An orc warrior (Orc:2)
  An ettin simulacrum (IceCv)
  A boggart (Elf:1)
  A necrophage (Swamp:2)
  4 centaurs (D:12)
  A centaur simulacrum (IceCv)
  An adder (D:12)
  2 white imps (IceCv)
  4 orcs
56 creatures vanquished.

Vanquished Creatures (others)
  A deep elf mage (Elf:1)
  A necromancer (D:13)
  A hornet (Swamp:3)
  A tyrant leech (Swamp:2)
  A swamp drake (Swamp:1)
  A jackal (D:10)
  3 briar patches (Swamp:2)
  16 fungi
  3 plants
28 creatures vanquished.

Grand Total: 1360 creatures vanquished

Notes
Turn   | Place    | Note
-------+----------+-------------------------------------------
     0 | D:1      | Piramida the Minotaur Berserker began the quest for the Orb.
     0 | D:1      | Reached XP level 1. HP: 19/19 MP: 0/0
    70 | D:1      | Reached skill level 4 in Maces & Flails
   286 | D:1      | Reached XP level 2. HP: 26/26 MP: 1/1
   782 | D:1      | Reached skill level 5 in Maces & Flails
   791 | D:1      | Reached XP level 3. HP: 9/31 MP: 2/2
   842 | D:1      | Reached ** piety under Trog
  1581 | D:2      | Reached skill level 6 in Maces & Flails
  1581 | D:2      | Reached XP level 4. HP: 36/39 MP: 3/3
  1681 | D:2      | Found a shattered altar of Ashenzari.
  1990 | D:2      | Found an iron altar of Okawaru.
  2725 | D:3      | Found a glowing golden altar of the Shining One.
  2836 | D:3      | Reached XP level 5. HP: 37/45 MP: 4/4
  2863 | D:3      | Reached skill level 7 in Maces & Flails
  3070 | D:3      | Found a burning altar of Makhleb.
  3422 | D:3      | Found a blossoming altar of Fedhas.
  3575 | D:3      | Found an ancient bone altar of Kikubaaqudgha.
  3696 | D:3      | Reached *** piety under Trog
  3707 | D:3      | Found an iron altar of Okawaru.
  4249 | D:4      | Noticed a two-headed ogre
  4262 | D:4      | Killed a two-headed ogre
  4262 | D:4      | Reached skill level 10 in Maces & Flails
  4262 | D:4      | Reached XP level 6. HP: 25/51 MP: 5/5
  4262 | D:4      | Reached XP level 7. HP: 28/57 MP: 6/6
  4264 | D:4      | Reached skill level 11 in Maces & Flails
  4517 | D:4      | Noticed Ijyb
  4522 | D:4      | Killed Ijyb
  4575 | D:4      | Reached XP level 8. HP: 50/64 MP: 7/7
  4665 | D:4      | Found a sacrificial altar of Ru.
  4932 | D:4      | Reached skill level 12 in Maces & Flails
  5015 | D:4      | Found a hide-covered altar of Uskayaw.
  5143 | D:5      | Entered Level 5 of the Dungeon
  5158 | D:5      | Noticed Prince Ribbit
  5159 | D:5      | Noticed Grinder
  5166 | D:5      | Killed Prince Ribbit
  5169 | D:5      | Paralysed by Grinder for 3 turns
  5174 | D:5      | Killed Grinder
  5174 | D:5      | Reached skill level 13 in Maces & Flails
  5201 | D:5      | Found a white marble altar of Elyvilon.
  5309 | D:5      | Found a deep blue altar of Sif Muna.
  5527 | D:5      | Found a sand-covered staircase.
  5534 | Ossuary  | Entered an ossuary
  5844 | Ossuary  | Reached **** piety under Trog
  6383 | D:5      | Found an opulent altar of Gozag.
  6705 | D:6      | Reached XP level 9. HP: 70/70 MP: 6/8
  6901 | D:6      | Reached skill level 14 in Maces & Flails
  7209 | D:6      | Noticed Dowan
  7211 | D:6      | Noticed Duvessa
  7213 | D:6      | Killed Dowan
  7227 | D:6      | Killed Duvessa
  7492 | D:7      | Found a staircase to the Ecumenical Temple.
  7594 | D:7      | Reached skill level 15 in Maces & Flails
  7766 | D:7      | Found a snail-covered altar of Cheibriados.
  7941 | D:7      | Found Wuonoiro's Weapon Emporium.
  7954 | D:7      | Noticed Doomgape's ghost (novice GrFi)
  7959 | D:7      | Killed Doomgape's ghost
  7959 | D:7      | Reached skill level 16 in Maces & Flails
  8028 | D:8      | Found a staircase to the Lair.
  8053 | D:8      | Reached XP level 10. HP: 67/78 MP: 7/9
  8077 | D:8      | Reached ***** piety under Trog
  8077 | D:8      | Reached skill level 1 in Evocations
  8091 | D:8      | Received a gift from Trog
  8114 | D:8      | Reached skill level 5 in Fighting
  8311 | D:8      | Noticed a cyclops
  8319 | D:8      | Killed a cyclops
  8605 | D:8      | Reached skill level 5 in Armour
  9203 | D:9      | Received a gift from Trog
  9287 | D:9      | Found a sacrificial altar of Ru.
  9425 | D:9      | Noticed a two-headed ogre
  9446 | D:9      | Reached skill level 1 in Throwing
  9450 | D:9      | Killed a two-headed ogre
  9450 | D:9      | Reached skill level 5 in Dodging
  9450 | D:9      | Reached skill level 1 in Shields
  9591 | D:9      | Reached XP level 11. HP: 91/91 MP: 12/12
 10168 | D:10     | Entered Level 10 of the Dungeon
 10168 | D:10     | Noticed Josephine
 10714 | D:9      | Killed Josephine
 10920 | D:10     | Noticed Grum
 10932 | D:10     | Killed Grum
 11342 | D:10     | Received a gift from Trog
 11885 | D:11     | Reached skill level 5 in Shields
 11950 | D:11     | Noticed a brown ugly thing
 11952 | D:11     | Noticed a death knight
 11956 | D:11     | Killed a brown ugly thing
 11958 | D:11     | Killed a death knight
 12090 | D:11     | Found a staircase to the Orcish Mines.
 12460 | D:11     | Received a gift from Trog
 13301 | Orc:1    | Entered Level 1 of the Orcish Mines
 13301 | Orc:1    | Noticed an orc knight
 13306 | D:11     | Received a gift from Trog
 13394 | D:11     | Killed an orc knight
 13394 | D:11     | Reached XP level 12. HP: 103/103 MP: 14/14
 13897 | Orc:2    | Entered Level 2 of the Orcish Mines
 14342 | Orc:2    | Noticed Saint Roka
 14777 | Orc:1    | Killed Saint Roka
 14881 | Orc:2    | Noticed Meenos's ghost (journeyman MiFi)
 15358 | Orc:2    | Killed Meenos's ghost
 16074 | Orc:2    | Found a roughly hewn altar of Beogh.
 16081 | Orc:2    | Found Vouseam's Distillery.
 16088 | Orc:2    | Bought a potion of heal wounds for 65 gold pieces
 16139 | Orc:2    | Reached ****** piety under Trog
 16187 | Orc:2    | Noticed an ettin
 16194 | Orc:2    | Killed an ettin
 16194 | Orc:2    | Reached skill level 5 in Evocations
 16401 | Orc:2    | Noticed a two-headed ogre
 16410 | Orc:2    | Killed a two-headed ogre
 16410 | Orc:2    | Reached skill level 10 in Fighting
 16410 | Orc:2    | Reached skill level 5 in Throwing
 16533 | Orc:2    | Received a gift from Trog
 16674 | Orc:1    | Received a gift from Trog
 16793 | Orc:1    | Found a shimmering altar of Xom.
 16875 | Orc:1    | Found a roughly hewn altar of Beogh.
 17056 | Orc:2    | Noticed an orc warlord
 17056 | Orc:2    | Noticed a stone giant
 17065 | Orc:1    | Killed an orc warlord
 17065 | Orc:1    | Reached XP level 13. HP: 60/113 MP: 15/15
 17674 | Orc:2    | Reached skill level 10 in Armour
 18228 | Orc:2    | Killed a stone giant
 18474 | Orc:2    | Found a roughly hewn altar of Beogh.
 18500 | Orc:2    | Found a roughly hewn altar of Beogh.
 19953 | Orc:2    | Found a radiant altar of Vehumet.
 19961 | Orc:2    | Found a staircase to the Elven Halls.
 19974 | Orc:2    | Found a roughly hewn altar of Beogh.
 19989 | Orc:2    | Received a gift from Trog
 20330 | Orc:2    | Found a roughly hewn altar of Beogh.
 20445 | Orc:2    | Received a gift from Trog
 20500 | Orc:2    | Found Ifriyross's Distillery.
 20508 | Orc:2    | Noticed an orc warlord
 20525 | Orc:2    | Killed an orc warlord
 20725 | Orc:2    | Bought a potion of heal wounds for 50 gold pieces
 20725 | Orc:2    | Bought a potion of haste for 100 gold pieces
 20782 | Orc:2    | Received a gift from Trog
 20826 | Orc:2    | Found a roughly hewn altar of Beogh.
 20833 | Orc:2    | Gained mutation: Scrolls take you a little longer to read. [mutagenic glow]
 20886 | Orc:2    | Found Cogeur's Antique Weapon Emporium.
 20887 | Orc:2    | Found a roughly hewn altar of Beogh.
 20888 | Orc:2    | Found Olehieq's Antique Armour Shoppe.
 21067 | Orc:2    | Bought a pair of glowing boots for 172 gold pieces
 21414 | D:12     | Reached skill level 10 in Dodging
 22315 | D:12     | Reached skill level 10 in Shields
 22470 | D:12     | Reached skill level 17 in Maces & Flails
 22831 | D:13     | Reached XP level 14. HP: 124/124 MP: 16/16
 23064 | D:13     | Got a faintly glowing scale mail
 23067 | D:13     | Identified a scroll of acquirement
 23069 | D:13     | Got a smoking copper ring
 23071 | D:13     | Identified the ring of Fuquxiz {rN+ EV+6 Int+3} (You acquired it on level 13 of the Dungeon)
 23082 | D:13     | Identified the +2 scale mail of Complete Protection {Int+5 Stlth+} (You found it on level 13 of the Dungeon)
 23349 | D:13     | Received a gift from Trog
 23404 | D:13     | Found a gate to the Vaults.
 24307 | D:14     | Found an opulent altar of Gozag.
 24768 | D:14     | Received a gift from Trog
 25120 | D:15     | Entered Level 15 of the Dungeon
 25865 | D:15     | Received a gift from Trog
 26410 | D:15     | Found a staircase to the Depths.
 26759 | Lair:1   | Entered Level 1 of the Lair of Beasts
 28179 | Lair:2   | Received a gift from Trog
 28738 | Lair:3   | Noticed Sonja
 28756 | Lair:3   | Killed Sonja
 28873 | Lair:3   | Found a staircase to the Swamp.
 29127 | Lair:3   | Found a hole to the Spider Nest.
 29514 | Lair:3   | Reached XP level 15. HP: 134/134 MP: 17/17
 29650 | Lair:4   | Reached skill level 18 in Maces & Flails
 30103 | Lair:4   | Noticed Rupert
 30182 | Lair:4   | Killed Rupert
 30455 | Lair:4   | Found a blossoming altar of Fedhas.
 31085 | Lair:5   | Received a gift from Trog
 31698 | Lair:5   | Found a staircase to the Slime Pits.
 32096 | Lair:6   | Entered Level 6 of the Lair of Beasts
 33206 | Lair:6   | Received a gift from Trog
 33590 | Swamp:1  | Entered Level 1 of the Swamp
 33914 | Swamp:1  | Reached XP level 16. HP: 116/146 MP: 18/18
 33977 | Swamp:1  | Noticed Aizul
 34006 | Swamp:1  | Killed Aizul
 34695 | Swamp:2  | Noticed a thorn hunter
 34722 | Swamp:2  | Killed a thorn hunter
 35229 | Swamp:2  | Found a frozen archway.
 35236 | IceCv    | Entered an ice cave
 36623 | IceCv    | Reached skill level 19 in Maces & Flails
 36734 | IceCv    | Noticed an Ice Fiend
 37359 | Swamp:2  | Received a gift from Trog
 38878 | Swamp:4  | Entered Level 4 of the Swamp
 38878 | Swamp:4  | Noticed a tentacled monstrosity
 39108 | Swamp:3  | Killed a tentacled monstrosity
 39108 | Swamp:3  | Reached skill level 15 in Fighting
 41235 | Swamp:4  | Reached XP level 17. HP: 156/156 MP: 19/19
 42343 | Swamp:4  | Reached skill level 15 in Armour
 42391 | Swamp:4  | Got a decaying rune of Zot
 42541 | Swamp:2  | Noticed Nikola
 42553 | Swamp:2  | Killed Nikola
 43096 | Elf:1    | Entered Level 1 of the Elven Halls
 44389 | Elf:1    | Received a gift from Trog
 45134 | Elf:1    | Reached skill level 15 in Shields
 45547 | Elf:1    | Reached skill level 20 in Maces & Flails
 46111 | Elf:2    | Found Saxeul Jesi's Food Emporium.
 46472 | Elf:2    | Found a huge runed gate.
 46472 | Elf:2    | Found a huge runed gate.
 46472 | Elf:2    | Found a huge runed gate.
 46472 | Elf:2    | Found a huge runed gate.
 46472 | Elf:2    | Found a huge runed gate.
 46549 | Elf:2    | Reached XP level 18. HP: 165/166 MP: 20/20
 46553 | Elf:2    | Received a gift from Trog
 46714 | Elf:2    | Received a gift from Trog
 47135 | Elf:1    | Reached skill level 15 in Dodging
 48510 | Elf:2    | Noticed Azrael
 48726 | Elf:2    | Killed Azrael
 48821 | Elf:2    | Noticed Donald
 48834 | Elf:2    | Killed Donald
 50096 | Elf:3    | Entered Level 3 of the Elven Halls
 50631 | Elf:3    | Noticed an Ice Fiend
 52023 | Elf:3    | HP: 3/168 [deep elf master archer/arrow (16)]
 52025 | Elf:3    | Shot with an arrow by a deep elf master archer

Skill      XL: |  1  2  3  4  5  6  7  8  9 10 11 12 13 14 15 16 17 18 |
---------------+-------------------------------------------------------+-----
Maces & Flails | 4 5 6 10 11 13 16 17 18 19 20 | 20.6
Fighting       | 4 6 8 10 11 12 14 15 16 | 16.7
Armour         | 3 6 8 9 11 12 13 14 15 16 | 16.3
Dodging        | 5 7 9 10 11 12 13 14 15 | 15.4
Evocations     | 2 4 5 |  5.0
Throwing       | 2 3 5 |  5.0
Shields        | 2 5 8 10 11 12 14 15 16 | 16.0

Action                   |  1- 3 |  4- 6 |  7- 9 | 10-12 | 13-15 | 16-18 || total
-------------------------+-------+-------+-------+-------+-------+-------++-------
Melee: Mace              |    73 |   130 |   187 |       |       |       ||   390
       Headbutt          |    13 |    18 |    68 |   152 |   374 |   344 ||   969
       Morningstar       |       |       |    70 |   735 |  1476 |  1351 ||  3632
Throw: Tomahawk          |       |     3 |     6 |     1 |     5 |       ||    15
       Javelin           |       |       |       |    26 |    71 |    78 ||   175
Invok: Berserk           |     2 |     1 |     7 |    14 |    15 |    19 ||    58
       Trog's Hand       |       |       |     2 |     1 |     6 |    30 ||    39
       Burn Spellbooks   |       |       |       |     2 |     1 |     3 ||     6
       Brothers in Arms  |       |       |       |     3 |    12 |    18 ||    33
Evoke: Wand              |       |       |       |       |       |     1 ||     1
  Use: Scroll            |       |     1 |     8 |    15 |    20 |    17 ||    61
       Potion            |       |       |       |     1 |     8 |    10 ||    19
 Stab: Distracted        |       |       |       |       |     1 |     1 ||     2
  Eat: Chunk             |     4 |     8 |     9 |    28 |    80 |    82 ||   211
       Meat ration       |       |       |     2 |     1 |       |       ||     3
       Bread ration      |       |       |     1 |     1 |       |       ||     2
       Royal jelly       |       |       |       |     5 |     8 |     4 ||    17
Armor: Animal skin       |    14 |       |       |       |       |       ||    14
       Chain mail        |     2 |    74 |     5 |       |       |       ||    81
       Plate armour      |       |       |    77 |   320 |   374 |   494 ||  1265
Dodge: Dodged            |    53 |    67 |    67 |   230 |   674 |  1002 ||  2093
Block: Shield            |       |       |       |   317 |   242 |       ||   559
       Buckler           |       |       |       |       |   306 |   567 ||   873
       Reflection        |       |       |       |       |       |    17 ||    17
